 Dungeon Crawl Stone Soup version 0.29-a0-542-g075992c915 (webtiles) character file.

Game seed: 1178690645906320358

18756 sammy202020 the Fighter (level 12, -7/99 HPs)
             Began as a Demonspawn Berserker on June 4, 2022.
             Was a High Priest of Trog.
             Shot with a bolt by a yaktaur (17 damage)
             ... on level 13 of the Dungeon on June 5, 2022.
             The game lasted 00:23:19 (14902 turns).

sammy202020 the Fighter (Demonspawn Berserker)     Turns: 14902, Time: 00:23:20

Health: -7/99      AC: 15    Str: 20    XL:     12   Next: 30%
Magic:  0/21       EV:  9    Int: 11    God:    Trog [*****.]
Gold:   401        SH:  0    Dex:  9    Spells: 11/11 levels left

rFire   . . .      SeeInvis .   I - +5 war axe of Spores {elec, *Rage Fly MP+9 Dex-4}
rCold   . . .      Faith    .   (no shield)
rNeg    . . .      Spirit   +   s - +1 chain mail
rPois   +          Reflect  .   e - +0 helmet
rElec   .          Harm     .   t - +0 cloak
rCorr   +          Rampage  .   (no gloves)
Will    .....      Rage     20% j - +0 pair of boots
Stlth   ..........              (no amulet)
HPRegen 0.26/turn               J - ring of poison resistance
MPRegen 0.34/turn               O - ring of resist corrosion

@: flying, studying Throwing
A: demonic guardian 2, magic shield, magic regeneration, magic link, demonic
touch 1
a: Renounce Religion, Berserk, Trog's Hand, Brothers in Arms


You were on level 13 of the Dungeon.
You worshipped Trog.
Trog was extremely pleased with you.
You visited 1 branch of the dungeon, and saw 13 of its levels.

You collected 936 gold pieces.
You spent 535 gold pieces at shops.

Inventory:

Hand Weapons
 a - a +0 hand axe
 d - a +2 hand axe of protection
 n - the +5 mace "Deimynteos" {vorpal, *Noise +Blink rC+ Int+2}
   (You found it on level 2 of the Dungeon)

   It inflicts extra damage upon your enemies.
   Int:       It affects your intelligence (+2).
   rC:        It protects you from cold.
   +Blink:    It lets you blink.
   *Noise:    It may make noises in combat.
 I - the +5 war axe of Spores (weapon) {elec, *Rage Fly MP+9 Dex-4}
   (You found it on level 10 of the Dungeon)

   It occasionally discharges a powerful burst of electricity upon striking a
   foe.
   Dex:       It affects your dexterity (-4).
   MP:        It affects your magic capacity (+9).
   Fly:       It grants you flight.
   *Rage:     It berserks you when you make melee attacks (+20% chance).
Missiles
 G - a throwing net
 H - 5 boomerangs
 L - 5 javelins
Armour
 e - a +0 helmet (worn)
 j - a +0 pair of boots (worn)
 s - a +1 chain mail (worn)
 t - a +0 cloak (worn)
 U - +0 acid dragon scales
Jewellery
 i - a ring of fire
 w - a +6 ring of strength
 y - a +4 ring of evasion
 C - a ring of protection from fire
 J - a ring of poison resistance (left hand)
 K - a ring of flight
 O - a ring of resist corrosion (right hand)
Wands
 b - a wand of digging (9)
 f - a wand of paralysis (9)
 m - a wand of flame (72)
 r - a wand of iceblast (2) (quivered)
 A - a wand of charming (11)
 B - a wand of acid (8)
Scrolls
 o - 5 scrolls of blinking
 u - 3 scrolls of fear
 v - a scroll of silence
 z - 2 scrolls of teleportation
 D - 3 scrolls of magic mapping
 F - 4 scrolls of identify
 N - a scroll of poison
 Q - a scroll of enchant armour
 S - a scroll of enchant weapon
Potions
 c - 6 potions of curing
 g - 3 potions of ambrosia
 h - 3 potions of lignification
 k - 5 potions of flight
 l - a potion of cancellation
 p - 2 potions of invisibility
 q - 2 potions of brilliance
 x - 2 potions of attraction
 E - 2 potions of magic
 M - a potion of haste
 R - a potion of heal wounds
 T - a potion of might
Miscellaneous
 P - a phial of floods


   Skills:
 * Level 10.9 Fighting
 * Level 10.1 Axes
 + Level 6.9 Armour
 + Level 6.9 Dodging
 * Level 9.2 Unarmed Combat


You had 11 spell levels left.
You didn't know any spells.
Your spell library was empty.

Dungeon Overview and Level Annotations

Branches:
Dungeon (13/15)            Temple (0/1) D:4            Lair (0/6) D:9
    Orc (0/2) D:10
 Vaults: D:13-14

Altars:
Cheibriados
Fedhas
Kikubaaqudgha
Okawaru
Qazlal
Sif Muna
Trog
Wu Jian

Shops:
D:7 =   D:9 =   D:12 =


Innate Abilities, Weirdness & Mutations

A demonic guardian rushes to your aid.
When hurt, damage is shared between your health and your magic reserves.
You regenerate magic rapidly.
When low on magic, you restore magic in place of health.
Your touch may inflict minor irresistible damage on your foes.


Message History

The vampire mosquito is almost destroyed.
You slash the vampire mosquito! The vampire mosquito barely misses you.
The vampire mosquito bites you.
The vampire mosquito draws strength from your injuries!
The vampire mosquito bites you.
The vampire mosquito draws strength from your injuries!
Your hellwing closely misses the vampire mosquito.
Your hellwing misses the vampire mosquito.
You hit the vampire mosquito.
You destroy the vampire mosquito!
Trog accepts your kill.
You hit the vampire mosquito.
Lightning courses through the vampire mosquito!
The vampire mosquito bites you but does no damage.
The vampire mosquito bites you!
The vampire mosquito draws strength from your injuries!
You closely miss the vampire mosquito.
The vampire mosquito is heavily damaged.
The vampire mosquito bites you but does no damage.
The vampire mosquito closely misses you.
Your hellwing hits the vampire mosquito!
Your hellwing completely misses the vampire mosquito.
You hit the vampire mosquito.
You destroy the vampire mosquito!
Trog accepts your kill. 2 yaktaurs come into view.
The yaktaur shouts!
The vault guard shouts! x2; The yaktaur shouts!
The yaktaur wields a +0 arbalest.
The yaktaur shoots a bolt.
The bolt hits you!
Found a stone staircase leading down.
The yaktaur shoots a bolt.
The bolt hits you!!
The yaktaur wields a +0 arbalest.
The yaktaur shoots a bolt.
The bolt hits you.
The yaktaur shoots a bolt.
The bolt hits you!!
* * * LOW HITPOINT WARNING * * *
The yaktaur shoots a bolt.
The bolt hits you!
* * * LOW HITPOINT WARNING * * *
A demonic guardian appears!
The yaktaur shoots a bolt.
The bolt hits your rust devil!
The yaktaur shoots a bolt.
The bolt hits you but does no damage.
The yaktaur shoots a bolt.
The bolt hits you!!
You die...

≈≈. ......
..#≈≈≈..... #......
..c≈≈≈≈... .......
.p≈≈≈≈.> .......
#≈≈≈≈.######.......
#≈≈≈≈..............
#≈≈≈4....†.......##
+................#.
+.@......#########.
+..4.....'.........
#≈≈≈.....##........
#≈≈≈≈.##..#....####
#≈≈≈≈..#..#....#
.p≈≈≈≈..#..###..#
..c≈≈≈≈..#... #..#
..#≈≈≈...#...(#..#
#....#..#


You could see 2 vault guards, 2 yaktaurs, a friendly hellwing (summoned) and a
friendly rust devil (summoned).

Vanquished Creatures
  Rupert (D:12)
  A hydra (D:11)
  A centaur warrior (D:13)
  A boulder beetle (D:12)
  A manticore (D:12)
  Joseph (D:7)
  Psyche (D:8)
  An unseen horror (D:11)
  A komodo dragon (D:9)
  A hornet (D:9)
  A troll (D:7)
  7 slime creatures (D:12)
  Sigmund (D:2)
  11 yaks
  2 shadows (D:11)
  A vampire (D:11)
  A wyvern (D:7)
  12 vampire mosquitoes
  Grum (D:9)
  A steam dragon (D:8)
  Menkaure (D:4)
  An acid dragon (D:12)
  Edmund (D:6)
  4 water moccasins
  2 sky beasts (D:7)
  4 black bears
  2 ice beasts
  6 orc warriors
  5 ogres
  4 wolves (D:9)
  9 centaurs
  4 kobold brigands
  Blork the orc (D:6)
  3 bullfrogs
  A gnoll sergeant (D:7)
  3 necrophages
  3 scorpions
  4 wights
  13 killer bees
  A howler monkey (D:9)
  4 orc priests
  2 hounds
  A jelly (D:6)
  2 gnoll shamans
  Terence (D:3)
  4 iguanas
  4 orc wizards
  Natasha (thrice) (D:2)
  4 adders
  9 gnolls
  4 worms
  3 dart slugs
  48 orcs
  6 ball pythons
  5 bats
  3 endoplasms
  3 giant cockroaches
  19 goblins
  8 hobgoblins
  7 jackals
  6 quokkas
  7 frilled lizards
  17 kobolds
  4 rats
294 creatures vanquished.

Vanquished Creatures (collateral kills)
  A two-headed ogre (D:10)
  A gargoyle (D:11)
  An unseen horror (D:11)
  A water moccasin (D:9)
  A bullfrog (D:7)
  A kobold brigand (D:8)
  3 killer bees
  A howler monkey (D:8)
  An iguana (D:5)
  An orc wizard (D:10)
  Robin (D:2)
  6 gnolls
  2 adders
  A dart slug (D:2)
  3 orcs
  An endoplasm (D:1)
  3 goblins (D:2)
  2 kobolds
31 creatures vanquished.

Vanquished Creatures (others)
  16 fungi (D:9)
  18 plants (D:9)
34 creatures vanquished.

Grand Total: 359 creatures vanquished

Notes
Turn   | Place    | Note
-------+----------+-------------------------------------------
     0 | D:1      | sammy202020 the Demonspawn Berserker began the quest for
                  | the Orb.
     0 | D:1      | Reached XP level 1. HP: 18/18 MP: 1/1
   121 | D:1      | Gained mutation: A weak demonic guardian rushes to your
                  | aid. [demonic ancestry]
   121 | D:1      | Reached XP level 2. HP: 22/24 MP: 2/2
  1077 | D:2      | Noticed Sigmund
  1086 | D:2      | Killed Sigmund
  1087 | D:2      | Reached XP level 3. HP: 30/30 MP: 3/3
  1087 | D:2      | Gained mutation: Your touch may inflict minor irresistible
                  | damage on your foes. [demonic ancestry]
  1087 | D:2      | Reached XP level 4. HP: 37/37 MP: 4/4
  1087 | D:2      | Gained mutation: A demonic guardian rushes to your aid.
                  | [demonic ancestry]
  1087 | D:2      | Reached XP level 5. HP: 42/42 MP: 5/5
  1092 | D:2      | Reached ** piety under Trog
  1097 | D:2      | Noticed Robin
  1099 | D:2      | Killed Robin
  1199 | D:2      | Noticed Natasha
  1207 | D:2      | Killed Natasha
  1250 | D:2      | Reached XP level 6. HP: 44/49 MP: 6/6
  1284 | D:2      | Reached skill level 1 in Unarmed Combat
  1472 | D:2      | Identified the +5 mace "Deimynteos" {vorpal, *Noise +Blink
                  | rC+ Int+2}
  1541 | D:2      | Noticed Natasha
  1546 | D:2      | Killed Natasha
  1676 | D:2      | Noticed Natasha
  1682 | D:2      | Killed Natasha
  2070 | D:3      | Reached *** piety under Trog
  2271 | D:3      | Noticed Terence
  2280 | D:3      | Killed Terence
  2522 | D:3      | Found a faded altar of an unknown god.
  2718 | D:4      | Found a staircase to the Ecumenical Temple.
  3036 | D:4      | Noticed Menkaure
  3043 | D:4      | Killed Menkaure
  3044 | D:4      | Reached skill level 5 in Fighting
  3044 | D:4      | Reached XP level 7. HP: 56/56 MP: 7/7
  3598 | D:5      | Entered Level 5 of the Dungeon
  3734 | D:5      | Reached skill level 5 in Axes
  4035 | D:5      | Reached XP level 8. HP: 48/64 MP: 8/8
  5652 | D:6      | Noticed Blork the orc
  5663 | D:6      | Killed Blork the orc
  5663 | D:6      | Reached **** piety under Trog
  5832 | D:6      | Reached XP level 9. HP: 27/71 MP: 9/9
  6125 | D:6      | Noticed Edmund
  6132 | D:6      | Killed Edmund
  6331 | D:7      | Noticed Joseph
  6341 | D:7      | Killed Joseph
  6366 | D:7      | Reached skill level 5 in Unarmed Combat
  6616 | D:7      | Found Ikiurok's Jewellery Emporium.
  6627 | D:7      | Bought a ring of protection from fire for 275 gold pieces
  6938 | D:7      | Noticed a troll
  6950 | D:7      | Killed a troll
  7159 | D:7      | Reached skill level 5 in Armour
  7159 | D:7      | Reached skill level 5 in Dodging
  7172 | D:7      | Gained mutation: You regenerate magic rapidly. [demonic
                  | ancestry]
  7172 | D:7      | Reached XP level 10. HP: 39/80 MP: 10/10
  7859 | D:8      | Noticed Psyche
  7884 | D:8      | Killed Psyche
  8935 | D:9      | Found an ornate altar of the Wu Jian Council.
  8935 | D:9      | Found a bloodstained altar of Trog.
  9012 | D:9      | Found a staircase to the Lair.
  9277 | D:9      | Found an ancient bone altar of Kikubaaqudgha.
  9280 | D:9      | Found a stormy altar of Qazlal.
  9281 | D:9      | Found a snail-covered altar of Cheibriados.
  9304 | D:9      | Found a shimmering blue altar of Sif Muna.
  9304 | D:9      | Found a blossoming altar of Fedhas.
  9306 | D:9      | Found an iron altar of Okawaru.
  9651 | D:9      | Paralysed by a hornet for 2 turns
  9850 | D:9      | Noticed Grum
  9864 | D:9      | Killed Grum
 10078 | D:9      | Found Otuezang's Jewellery Shop.
 10107 | D:9      | Bought a ring of poison resistance for 260 gold pieces
 10301 | D:10     | Entered Level 10 of the Dungeon
 10393 | D:10     | Reached ***** piety under Trog
 10396 | D:10     | Gained mutation: When hurt, damage is shared between your
                  | health and your magic reserves. [demonic ancestry]
 10396 | D:10     | Reached XP level 11. HP: 66/89 MP: 11/11
 10707 | D:10     | Noticed a two-headed ogre
 10713 | D:10     | Killed a two-headed ogre
 10715 | D:10     | Identified the +5 war axe of Spores {elec, *Rage Fly MP+9
                  | Dex-4}
 11390 | D:10     | Found a staircase to the Orcish Mines.
 12628 | D:11     | Noticed a five-headed hydra
 12638 | D:11     | Killed a five-headed hydra
 12639 | D:11     | Reached skill level 10 in Fighting
 13121 | D:12     | Noticed Rupert
 13136 | D:12     | Killed Rupert
 13251 | D:12     | Identified the +1 robe "Ighag" {-Tele rC++ Will+++ Regen+}
 13673 | D:12     | Found Ujupn's One-of-a-Kind Rings.
 13682 | D:12     | Gained mutation: When low on magic, you restore magic in
                  | place of health. [demonic ancestry]
 13682 | D:12     | Reached XP level 12. HP: 78/98 MP: 12/12
 13767 | D:12     | Noticed a boulder beetle
 13789 | D:12     | Killed a boulder beetle
 14711 | D:13     | Noticed a centaur warrior
 14716 | D:13     | Killed a centaur warrior
 14717 | D:13     | Reached skill level 10 in Axes
 14782 | D:13     | Received a gift from Trog
 14897 | D:13     | Noticed a vault guard
 14897 | D:13     | Noticed a vault guard
 14902 | D:13     | Shot with a bolt by a yaktaur

Illustrated notes

Levels and vault maps discovered:
D:1:      ncdulo_wetmaze, layout_basic
D:2:      layout_basic, uniq_robin, uniq_natasha, uniq_sigmund
D:3:      layout_rooms, hellmonk_ecumenical_altar_prayer_group,
          chequers_mini_garden, uniq_terence
D:4:      layout_gridville, minmay_temple_entry_wispy, minmay_misc_feat_tiny,
          grunt_ministairs_10, minmay_between, uniq_menkaure
D:5:      layout_gridville
D:6:      layout_basic, nicolae_figureground_pulse, uniq_edmund,
          uniq_blork_the_orc
D:7:      layout_rooms, enter_bailey_5, serial_shops, shop, minmay_manual_mess,
          uniq_joseph
D:8:      layout_basic, minmay_misc_feat_iff, blue_anna_alchemist, uniq_psyche
D:9:      layout_rooms, grunt_temple_overflow_open, due_lair_maze_entry_diamond,
          chequers_serial_rivers_large_b, kennysheep_small_square, uniq_grum
D:10:     layout_roguey [special_room_orc], orc_0_dummy
D:11:     layout_long_grid
D:12:     nicolae_cairo_tiling_large, layout_basic, nicolae_shop_unique_rings,
          uniq_rupert
D:13:     layout_irregular_city, grunt_vaults_entry_fortified,
          portal_ice_cave_rime, ebering_ghost_inner_flame

Skill      XL: |  1  2  3  4  5  6  7  8  9 10 11 12 |
---------------+-------------------------------------+-----
Armour         | 2 3 4 5 6 |  6.9
Axes           | 3 4 5 6 7 8 9 10 | 10.1
Dodging        | 2 3 4 5 6 |  6.9
Fighting       | 4 5 6 8 9 10 | 10.9
Unarmed Combat | 2 3 4 6 7 8 9 |  9.2

Action                   |  1- 3 |  4- 6 |  7- 9 | 10-12 || total
-------------------------+-------+-------+-------+-------++-------
Melee: Hand axe          |    52 |   153 |   252 |   234 ||   691
       Punch             |     1 |     1 |     6 |    10 ||    18
       Touch             |       |    24 |    45 |    56 ||   125
       War axe           |       |       |       |   137 ||   137
       Mace              |       |       |       |     6 ||     6
Throw: Throwing net      |       |       |       |     1 ||     1
Invok: Berserk           |     1 |     1 |     6 |    13 ||    21
       Trog's Hand       |       |       |     1 |     3 ||     4
Evoke: Wand              |       |       |       |    15 ||    15
  Use: Scroll            |     3 |     5 |     7 |    10 ||    25
       Potion            |       |     2 |     2 |       ||     4
 Stab: Distracted        |     1 |       |       |       ||     1
       Sleeping          |       |     1 |       |       ||     1
Armor: Animal skin       |     6 |    44 |       |       ||    50
       Chain mail        |       |    16 |   132 |   271 ||   419
       Skin              |       |       |       |     9 ||     9
Dodge: Dodged            |    24 |    85 |   198 |   337 ||   644

Table legend: (Time is in decaauts)
 A = Elapsed time spent in this place.
 B = Non-inter-level travel time spent in this place.
 C = Inter-level travel time spent in this place.
 D = Time resting spent in this place.
 E = Time spent auto-exploring this place.
 F = Levels seen in this place.
 G = Mean time per level.
                   A        B        C        D        E       F      G
               +--------+--------+--------+--------+--------+-----+--------+
         Total |  15213 |  15120 |     93 |    480 |  12308 |  13 | 1170.2 |
       Dungeon |  15213 |  15120 |     93 |    480 |  12308 |  13 | 1170.2 |
               +--------+--------+--------+--------+--------+-----+--------+

Top non-repeatable levels by time:
    D:12: 1574 daAuts
    D:11: 1535 daAuts
     D:7: 1529 daAuts
     D:5: 1523 daAuts
     D:9: 1441 daAuts
    D:10: 1359 daAuts
     D:6: 1239 daAuts
     D:8: 1088 daAuts
     D:1: 1084 daAuts
     D:4: 955 daAuts
     D:2: 941 daAuts
     D:3: 663 daAuts
    D:13: 277 daAuts
